[Event "Esbjerg Efterår 2021 - Esbjergmesterskabet"]
[Site "Esbjerg, Denmark"]
[Date "2021.10.22"]
[Round "2.1"]
[White "Pedersen, Lars Wiilton"]
[Black "Pedersen, Nicolai Vesterbæk"]
[Result "0-1"]
[TimeControl "1.-3. 20 min + 5 sek, 4.-7. 90 min + 30 sek"]
[WhiteElo "1991"]
[BlackElo "2343"]

1. Nf3 Nf6 2. c4 e6 3. Nc3 d5 4.
d4 h6 5.
g3 Nc6 6. Bg2 Bd6 7. O-O O-O 8. Qc2 dxc4 9. Nb5 a6 10. Nxd6 cxd6 11. Qxc4 d5 12. Qd3 Bd7 13. Bd2 Ne4 14.
Rfc1 Nxd2 15. Qxd2 Qb6 16. e3 Rfc8 17. b3 a5 18. Rab1 Ne7 19. Ne5 Bb5 20. Bf1 Bxf1 21. Kxf1 Nf5 22.
Ke1 Nd6 23. f3 Qb5 24. Nd3 b6 25. a4 Rxc1+ 26. Nxc1 Qe8 27. Nd3 b5 28. Nc5 bxa4 29. Nxa4 Qb5 30. Qe2 Qb4+ 31. Qd2 Qb5 32.
Qe2 Qe8 33. Nc5 e5 34. Rd1 Rc8 35. Na4 Rb8 36. Nc5 Nb5 37. Qd3 exd4 38. Kf2 dxe3+ 39. Qxe3 Qc6 40. Rc1 Re8 41. Qd2 Qa8 42. Re1 Rc8 43. Rc1 d4 44.
Qd3 Qc6 45. Rc4 Qe8 46. Ne4 Rd8 47. Rc5 Rb8 48. Rc4 Kh8 49. Kg2 Qe6 50. Nc5 Qd5 51. Ne4 Qd7 52. g4 Qa7 53. Kg3 Rd8 54.
h4 Qb8+ 55. Kg2 Qf4 56. Rc5 Nc7 57. Rf5 Qc1 58. Rxf7 Ne6 59.
Nf2 Nf4+ 60. Ne4 Ne6 0-1

[Event "Esbjerg Efterår 2021 - Esbjergmesterskabet"]
[Site "Esbjerg, Denmark"]
[Date "2021.10.22"]
[Round "2.2"]
[White "Rødgaard, John"]
[Black "Jensen, Henrik Tranberg"]
[Result "1-0"]
[TimeControl "1.-3. 20 min + 5 sek, 4.-7. 90 min + 30 sek"]
[WhiteElo "2319"]
[BlackElo "1960"]

1. Nf3 Nf6 2. c4 g6 3. Nc3 Bg7 4. e4 d6 5. d4 O-O 6. Be2 c5 7. O-O cxd4 8. Nxd4 Nc6 9. Be3 Bd7 10.
Qd2 Ng4 11. Bxg4 Bxg4 12. f3 Bd7 13. Rac1 Rc8 14. b3 Re8 15. Rfd1 Qa5 16. Nde2 Ne5 17. h3 Bc6 18. Rc2 Nd7 19.
Bd4 Bxd4+ 20. Nxd4 Qc5 21. Kh1 Nf6 22. Nd5 Bxd5 23. cxd5 Qb6 24. Rdc1 Rc5 25. b4 Rxc2 26. Rxc2 Kg7 27.
Kh2 Rd8 28. Qc3 Rd7 29. a4 Ne8 30. Nf5+ Kg8 31. Nh6+ 1-0

[Event "Esbjerg Efterår 2021 - Esbjergmesterskabet"]
[Site "Esbjerg, Denmark"]
[Date "2021.10.22"]
[Round "2.3"]
[White "Jarlnæs, Erik"]
[Black "Erikkson, Christian Altenburg"]
[Result "0-1"]
[TimeControl "1.-3. 20 min + 5 sek, 4.-7. 90 min + 30 sek"]
[WhiteElo "1952"]
[BlackElo "2135"]

1. e4 c5 2. Nf3 Nc6 3. d4 cxd4 4. Nxd4 g6 5. Nc3 Bg7 6. Be3 Nf6 7. Bc4 O-O 8. O-O Nxe4 9. Bxf7+ Rxf7 10. Nxe4 d5 11. Ng5 Rf6 12.
Ngf3 Rf8 13. Nxc6 bxc6 14. Bd4 Qd6 15. Bxg7 Kxg7 16. Qd4+ Kg8 17. Rfe1 Bf5 18. Qh4 Qf6 19. Rxe7 Qxh4 20. Nxh4 Bxc2 21. Rc7 Rfc8 22. Rd7 a5 23. Nf3 Rd8 24. Rxd8+ Rxd8 25. Nd4 Ba4 26. Rc1 Re8 27. Kf1 Re4 28. Nf3 Bb5+ 29. Kg1 a4 30. h3 Re2 31. Nd4 Rxb2 32. Nxc6 Bxc6 33. Rxc6 Rxa2 34. Rd6 Rd2 35. Ra6 Rd4 36. Kf1 Rb4 37. Ke2 Kg7 38.
Ra5 d4 39. Kd3 Kf6 40. g4 Ke6 41. f4 Kd6 42. h4 Ke6 43. Ra6+ Kf7 44.
f5 gxf5 45. gxf5 Kg7 46. Ra7+ Kf6 47.
Rxh7 Kxf5 48. Ra7 Kg4 49. h5 Kxh5 50. Ra5+ Kg6 51. Ke4 Kf6 52. Ra6+ Ke7 53. Kd3 Kd7 54. Ke4 Kc7 55. Kd3 Kb7 56. Rh6 a3 57. Rh2 Kb6 58. Ra2 Ra4 59. Ke4 Kc5 60.
Kd3 Kd5 61. Rh2 Kc5 62. Rh5+ Kb4 63. Kxd4 a2 64. Kd3 a1=Q 65. Rh4+ Kb3 66. Kd4 0-1

[Event "Esbjerg Efterår 2021 - Esbjergmesterskabet"]
[Site "Esbjerg, Denmark"]
[Date "2021.10.22"]
[Round "2.4"]
[White "Bønnelykke, Ole"]
[Black "Husum, Lars"]
[Result "1-0"]
[TimeControl "1.-3. 20 min + 5 sek, 4.-7. 90 min + 30 sek"]
[WhiteElo "1991"]
[BlackElo "1876"]

1. e4 e5 2. f4 d5 3. exd5 e4 4. d3 Qxd5 5. Nc3 Bb4 6. Bd2 Bxc3 7. Bxc3 Nf6 8. Bxf6 gxf6 9. dxe4 Qxe4+ 10. Qe2 Bf5 11. O-O-O O-O 12. Qf2 Nc6 13. Bd3 Qe6 14. Bxf5 Qxf5 15. Ne2 Rad8 16. Nd4 Nxd4 17. Rxd4 Rxd4 18.
Qxd4 c5 19. Qe3 Rd8 20. Re1 Qd7 21. g4 Qd5 22. b3 a5 23. g5 f5 24. h4 a4 25. h5 axb3 26. axb3 Ra8 27. Kb2 c4 28.
h6 Rf8 29. Qc3 f6 30. gxf6 Kf7 31. Re7+ Kg8 32. Qg3+ 1-0

[Event "Esbjerg Efterår 2021 - Esbjergmesterskabet"]
[Site "Esbjerg, Denmark"]
[Date "2021.10.22"]
[Round "2.5"]
[White "Medhus, Vitus Bondo"]
[Black "Mortensen, Henrik"]
[Result "1-0"]
[TimeControl "1.-3. 20 min + 5 sek, 4.-7. 90 min + 30 sek"]
[WhiteElo "1875"]
[BlackElo "1991"]

1. e4 Nf6 2. e5 Nd5 3. d4 d6 4. c4 Nb6 5. exd6 exd6 6. Nf3 Bg4 7. h3 Bh5 8. Bd3 Nc6 9. Be3 Be7 10.
O-O d5 11. c5 Nd7 12. a3 O-O 13. Nbd2 Bg6 14. Bxg6 hxg6 15. Qb3 Nf6 16. Qb4 b6 17. Qxb6 Qd7 18. Qa6 Ne4 19. Qd3 Rfe8 20.
b4 g5 21. Nxe4 dxe4 22. Qxe4 Bxc5 23. Qc2 Be7 24. Rac1 Nd8 25. Bxg5 Ne6 26. Bxe7 Rxe7 27. Ne5 Nxd4 28. Nxd7 Nxc2 29.
Rfd1 Nxa3 30. Rxc7 Re4 31. Rb7 Nc2 32. b5 a5 33. b6 a4 34. Ra7 1-0

[Event "Esbjerg Efterår 2021 - Esbjergmesterskabet"]
[Site "Esbjerg, Denmark"]
[Date "2021.10.22"]
[Round "2.6"]
[White "Schou-Jørgensen, Jan"]
[Black "Jensen, Lars"]
[Result "1/2-1/2"]
[TimeControl "1.-3. 20 min + 5 sek, 4.-7. 90 min + 30 sek"]
[WhiteElo "1722"]
[BlackElo "1546"]

1. d4 Nf6 2. Nf3 g6 3. g3 Bg7 4. c4 d6 5. Nc3 Nc6 6. Bg2 O-O 7. O-O a6 8. e4 Bg4 9. h3 Bxf3 10.
Bxf3 e5 11. d5 Nd4 12. Bg2 c5 13. dxc6 bxc6 14. Be3 c5 15. Bg5 h6 16. Bxf6 Bxf6 17. f4 exf4 18. gxf4 Rb8 19. Rb1 Bg7 20.
Nd5 Kh7 21. f5 Be5 22. Qg4 Rg8 23. f6 Ne6 24. b4 Nc7 25. Ne7 h5 26. Qf3 Qd7 27. Nxg8 Rxg8 28. bxc5 Bd4+ 29. Kh1 Bxc5 30.
Rbd1 Ne6 31. e5 Nd4 32. Qe4 Re8 33. Rfe1 Rxe5 34. Qa8 Qf5 35. Rxe5 Qxe5 36. Qe4 Qxf6 37. Rf1 Qe6 38. Qxe6 fxe6 39.
Be4 Kh6 40. Rf6 Kg5 41. Rxg6+ Kf4 42. Bd3 Nf5 43. Rxe6 Ng3+ 44. Kg2 h4 45. a4 a5 46. Re8 Bb4 47. Rh8 Kg5 48. Rg8+ Kh6 49. Rh8+ Kg5 50. Rg8+ Kh6 51. Rb8 Nh5 52. Kf3 Nf6 53. Rb6 Nd7 54.
Rb7 Nc5 55. Rh7+ Kg5 56. Ke2 1/2-1/2

[Event "Esbjerg Efterår 2021 - Esbjergmesterskabet"]
[Site "Esbjerg, Denmark"]
[Date "2021.10.22"]
[Round "2.7"]
[White "Marcussen, Claus"]
[Black "Dybdal, Frank"]
[Result "1-0"]
[TimeControl "1.-3. 20 min + 5 sek, 4.-7. 90 min + 30 sek"]
[WhiteElo "1543"]
[BlackElo "1687"]

1. f4 c5 2. Nf3 Nc6 3. e3 Nf6 4. d4 e6 5. c3 a6 6. Bd3 d5 7. Nbd2 b5 8. Ne5 Bb7 9. O-O Rc8 10.
g4 Qb6 11. Nxc6 Bxc6 12. Qf3 h5 13. g5 Nd7 14. f5 e5 15. Qh3 cxd4 16. cxd4 e4 17. Be2 Be7 18. f6 gxf6 19. gxf6 Nxf6 20.
Qxc8+ Bd8 21. Rxf6 1-0

[Event "Esbjerg Efterår 2021 - Esbjergmesterskabet"]
[Site "Esbjerg, Denmark"]
[Date "2021.10.22"]
[Round "2.8"]
[White "Pommerencke, Lars"]
[Black "Christensen, Joel Nødskov"]
[Result "1/2-1/2"]
[TimeControl "1.-3. 20 min + 5 sek, 4.-7. 90 min + 30 sek"]
[WhiteElo "1630"]
[BlackElo "1404"]

1. e4 c5 2. Nf3 e6 3. b4 cxb4 4. Bb2 Nc6 5. a3 d5 6. exd5 Qxd5 7. axb4 Nxb4 8. Nc3 Qd8 9. Bc4 Nf6 10.
O-O Be7 11. d3 O-O 12. Nd2 b6 13. Nde4 Bb7 14. Re1 a6 15. Bb3 Qd4 16. Na4 Qd8 17. Nxf6+ Bxf6 18. Bxf6 Qxf6 19. Nxb6 Rad8 20.
Ba4 Qg5 21. f3 Qc5+ 22. Kh1 Qxb6 23. Rb1 Qc5 24. Qe2 Qd4 25. Qe5 Nxd3 26. Qxd4 Rxd4 27. cxd3 Rxa4 28. Rxb7 h6 29. h3 Ra8 30.
Rc1 Rd4 31. Rcc7 Rf8 32. Ra7 Rd6 33. d4 Rxd4 34. Rxa6 Rd1+ 35. Kh2 Rd4 36. Raa7 g6 37. g4 Kg7 38. Kg3 g5 39. h4 Kg6 40.
h5+ Kg7 41. Rab7 Rf4 42. Re7 Rf6 43. Ra7 Rf4 44. Rab7 Rf6 1/2-1/2

[Event "Esbjerg Efterår 2021 - Esbjergmesterskabet"]
[Site "Esbjerg, Denmark"]
[Date "2021.10.22"]
[Round "2.9"]
[White "Jensen, Lucas"]
[Black "Bekmuhanov, Sauran"]
[Result "0-1"]
[TimeControl "1.-3. 20 min + 5 sek, 4.-7. 90 min + 30 sek"]
[WhiteElo "1372"]
[BlackElo "1623"]

1. e4 e5 2. Nc3 Nc6 3. Bc4 Nf6 4.
d3 Bc5 5. Na4 Bb6 6. Nxb6 axb6 7. f4 d5 8. exd5 Nxd5 9. fxe5 Nxe5 10. Qe2 O-O 11. Bxd5 Qxd5 12. b3 Re8 13. Qd2 Nf3+ 0-1

[Event "Esbjerg Efterår 2021 - Esbjergmesterskabet"]
[Site "Esbjerg, Denmark"]
[Date "2021.10.23"]
[Round "4.1"]
[White "Medhus, Vitus Bondo"]
[Black "Pedersen, Nicolai Vesterbæk"]
[Result "0-1"]
[TimeControl "1.-3. 20 min + 5 sek, 4.-7. 90 min + 30 sek"]
[WhiteElo "1875"]
[BlackElo "2343"]

1. e4 e5 2. Nf3 Nf6 3. Nxe5 d6 4. Nf3 Nxe4 5. Nc3 Nxc3 6. dxc3 Be7 7. Bd3 Nd7 8. Bf4 Nc5 9. Qd2 Be6 10.
Nd4 Qd7 11. Nxe6 Nxd3+ 12. cxd3 Qxe6+ 13. Qe3 O-O 14. O-O-O Qxa2 15. Qxe7 Qa1+ 16. Kc2 Qa4+ 17. Kb1 Qxf4 18. Qxc7 Qxf2 19.
Qxd6 Qxg2 20. Rhg1 Qc6 21. Qg3 g6 22. h4 Rae8 23. Rde1 Qd5 24. d4 Re4 25. Qg5 Qe6 26. Ref1 Re2 27.
h5 Qb3 28. Qc1 Rfe8 29. h6 Qc4 30. Re1 Qd3+ 31. Ka2 R8e6 32. Rxe2 Qxe2 33. Qf4 Ra6+ 0-1

[Event "Esbjerg Efterår 2021 - Esbjergmesterskabet"]
[Site "Esbjerg, Denmark"]
[Date "2021.10.23"]
[Round "4.2"]
[White "Rødgaard, John"]
[Black "Mortensen, Henrik"]
[Result "1-0"]
[TimeControl "1.-3. 20 min + 5 sek, 4.-7. 90 min + 30 sek"]
[WhiteElo "2319"]
[BlackElo "1991"]

1. c4 c5 2. Nf3 Nc6 3. d4 cxd4 4. Nxd4 Nf6 5. Nc3 g6 6. e4 d6 7. Be2 Bg7 8. Be3 O-O 9. f3 Nxd4 10.
Bxd4 Be6 11. Qd2 a6 12. Rc1 Rc8 13. b3 Nd7 14. Be3 Nf6 15. O-O Re8 16. Rc2 Qa5 17. Rfc1 Qh5 18. Nd5 Nd7 19.
h3 g5 20. Bxg5 Bxh3 21. f4 Qg6 22. f5 Bd4+ 23. Kh2 Qg7 24. gxh3 Nc5 25. Bf3 1-0

[Event "Esbjerg Efterår 2021 - Esbjergmesterskabet"]
[Site "Esbjerg, Denmark"]
[Date "2021.10.23"]
[Round "4.3"]
[White "Bønnelykke, Ole"]
[Black "Eriksson, Christian Altenburg"]
[Result "0-1"]
[TimeControl "1.-3. 20 min + 5 sek, 4.-7. 90 min + 30 sek"]
[WhiteElo "1991"]
[BlackElo "2135"]

1. e4 c5 2. Nc3 Nc6 3. g3 g6 4. Bg2 Bg7 5. d3 d6 6. Be3 e5 7. Qd2 Nge7 8. Bh6 Bxh6 9. Qxh6 Nd4 10.
Qd2 Be6 11. Nge2 Qd7 12. f4 f6 13. O-O O-O-O 14. Nd5 Nxd5 15. exd5 Bf5 16. Nxd4 cxd4 17. c4 dxc3 18. bxc3 Qb5 19.
Be4 Qc5+ 20. d4 Qc4 21. Bxf5+ gxf5 22. fxe5 dxe5 23. Rxf5 Rxd5 24. Rxf6 exd4 25. cxd4 Qxd4+ 26. Qxd4 Rxd4 27.
Rc1+ Kb8 28. Rf7 Rd2 29. Rcc7 Rb2 30. Rxh7 Rd8 31. Rcf7 a5 32. g4 Rd1+ 33. Rf1 Rdd2 34. Ra1 Rg2+ 35.
Kh1 Rxg4 36. Rh3 Rgg2 37. a3 Ka7 38. Rg1 Rgc2 39. Rg5 b6 40. Rg7+ Ka6 41. Rg4 Ra2 42. Rg6 a4 43. Rg4 b5 44.
Rg7 Rc6 45. Rf3 Rc1+ 46. Rg1 Rcc2 47. Rh3 Rab2 48. Rh7 Rc6 49. Rhg7 Rb3 50. Ra1 Rcc3 51. h4 Rh3+ 52. Kg2 Rxh4 53.
Rg3 Rc4 54. Rf3 Rc2+ 55. Kg3 Rcc3 56. Rxc3 Rxc3+ 57. Kf2 Kb6 58. Ke2 Kc5 59. Kd2 Kc4 60. Kd1 Rh3 61. Kd2 Kd4 62. Kc2 Rh2+ 63.
Kd1 Rh1+ 64. Kd2 Ke5 0-1

[Event "Esbjerg Efterår 2021 - Esbjergmesterskabet"]
[Site "Esbjerg, Denmark"]
[Date "2021.10.23"]
[Round "4.4"]
[White "Jarlnæs, Erik"]
[Black "Husum, Lars"]
[Result "1/2-1/2"]
[TimeControl "1.-3. 20 min + 5 sek, 4.-7. 90 min + 30 sek"]
[WhiteElo "1952"]
[BlackElo "1876"]

1. e4 e5 2. Nf3 Nf6 3. Nxe5 Nc6 4. Nxc6 dxc6 5. d3 Bc5 6. Be3 Bxe3 7. fxe3 Ng4 8. Qf3 Qg5 9. Qf4 Qc5 10.
Kd2 Qb4+ 11. Nc3 Qxb2 12. Rb1 Qa3 13. Be2 Nf6 14. Qxc7 O-O 15. Rhf1 a6 16. Qg3 Qe7 17. e5 Nd7 18.
d4 b5 19. Bd3 Rd8 20. Ne4 Nf8 21. Ng5 Be6 22. Nxe6 Qxe6 23. Be4 Ra7 24. Rb2 Ng6 25. Bxg6 hxg6 26. Qf4 Re7 27. Kc1 a5 28.
Rd1 a4 29. Rd3 Qc4 30. Kd2 Red7 31. c3 Qe6 32. e4 Qe7 33. Rh3 Re8 34. Kc1 g5 35. Qf3 g6 36. Rg3 c5 37. Qe3 cxd4 38.
cxd4 Rc8+ 39. Rc2 Rxc2+ 40. Kxc2 Qb4 41. Qc3 Qe7 42. Qb2 Rc7+ 43. Rc3 b4 44. Rxc7 Qxc7+ 45. Kd3 Qb6 46. d5 Qb5+ 47.
Kd4 b3 48. axb3 Qb4+ 49. Kd3 axb3 50. d6 Qb5+ 51. Kd4 Qb4+ 52. Kd3 Qb5+ 53. Kd4 Qb4+ 1/2-1/2

[Event "Esbjerg Efterår 2021 - Esbjergmesterskabet"]
[Site "Esbjerg, Denmark"]
[Date "2021.10.23"]
[Round "4.5"]
[White "Bekmuhanov, Sauran"]
[Black "Jensen, Lars"]
[Result "1/2-1/2"]
[TimeControl "1.-3. 20 min + 5 sek, 4.-7. 90 min + 30 sek"]
[WhiteElo "1623"]
[BlackElo "1546"]

1. e4 d6 2. d4 Nf6 3. Nc3 g6 4. Nf3 Bg7 5. h3 Nc6 6. Be3 O-O 7. Qd2 e5 8. dxe5 dxe5 9. O-O-O Qxd2+ 10. Rxd2 a6 11. Bc4 Rb8 12.
a4 h6 13. Rhd1 Ne8 14. Bc5 Nd6 15. Bxd6 cxd6 16. Rxd6 Kh7 17. Nd5 Be6 18. Nb6 Bxc4 19. Nxc4 f5 20. exf5 Rxf5 21. R1d2 Re8 22.
Rd7 Rf4 23. Nd6 Re6 24. Rxb7 e4 25. Ne1 e3 26. fxe3 Rxa4 27. Kd1 Rxe3 28. Re2 Rxe2 29. Kxe2 Kg8 30. Nf3 Ra5 31. Rb6 Ne5 32.
Nxe5 Rxe5+ 33. Kf3 a5 34. Rb5 Re6 35. Ne4 a4 36. Ra5 Bxb2 37. Rxa4 Rc6 38. c4 Kf7 39. c5 Ke6 40. Ra7 Bd4 41. Rh7 h5 42. g4 hxg4+ 43. Kxg4 Bxc5 44. Rg7 Ke5 45. Nxc5 Rxc5 46. Rxg6 Rc1 47. h4 Rg1+ 48. Kh5 Rh1 49. Kg5 Rg1 50. Kh6 Rh1 51. h5 Kf5 52.
Rg5+ Kf6 53. Rg2 Kf7 54. Rf2+ Kg8 55. Rf5 Rg1 56. Ra5 Rh1 57. Ra8+ Kf7 58. Ra7+ Kg8 59. Rg7+ Kh8 60. Rg5 Rh2 61.
Kg6 Rh1 62. h6 Rh2 63. Rf5 Rg2+ 64. Kf7 Kh7 65. Rf6 Rh2 66. Kf8 Rxh6 67. Rxh6+ Kxh6 1/2-1/2

[Event "Esbjerg Efterår 2021 - Esbjergmesterskabet"]
[Site "Esbjerg, Denmark"]
[Date "2021.10.23"]
[Round "4.6"]
[White "Pedersen, Lars Wilton"]
[Black "Dybdal, Frank"]
[Result "1/2-1/2"]
[TimeControl "1.-3. 20 min + 5 sek, 4.-7. 90 min + 30 sek"]
[WhiteElo "1991"]
[BlackElo "1687"]

1. d4 f5 2. g3 Nf6 3. Bg2 d6 4. Nf3 g6 5. O-O Bg7 6. c4 O-O 7. Nc3 Na6 8. Qc2 c5 9. d5 Bd7 10.
a3 Nc7 11. b4 b6 12. Bb2 Nce8 13. Rfe1 Qc8 14. b5 f4 15. Ng5 Ng4 16. Nd1 Ne5 17. Ne6 Bxe6 18. dxe6 Rb8 19. a4 Kh8 20.
Bd5 Nc7 21. a5 Nxe6 22. axb6 axb6 23. Ra7 Nc7 24. Bg2 1/2-1/2

[Event "Esbjerg Efterår 2021 - Esbjergmesterskabet"]
[Site "Esbjerg, Denmark"]
[Date "2021.10.23"]
[Round "4.7"]
[White "Vinther, Christoffer"]
[Black "Jensen, Henrik Tranberg"]
[Result "0-1"]
[TimeControl "1.-3. 20 min + 5 sek, 4.-7. 90 min + 30 sek"]
[WhiteElo "1607"]
[BlackElo "1960"]

1. e4 g6 2. d4 Bg7 3. Nc3 d6 4. Nf3 Nf6 5. Bc4 O-O 6. O-O c6 7. a4 d5 8. exd5 cxd5 9. Bd3 Nc6 10.
Re1 Bg4 11. Be3 e5 12. dxe5 Nxe5 13. Be2 Nc4 14. Nxd5 Nxd5 15. Bxc4 Nxe3 16. Rxe3 Qc7 17. Qe2 Rac8 18. Bd3 Bxb2 19. Rb1 Bf6 20. h3 Be6 21. Ne5 Rfd8 22.
Ng4 Bd4 23. Rxe6 fxe6 24. Qxe6+ Kg7 25. Rb4 Re8 26. Qd5 Bb6 27. a5 Re1+ 28. Bf1 Qc5 29. Qd7+ Re7 30. Qb5 Bxa5 0-1

[Event "Esbjerg Efterår 2021 - Esbjergmesterskabet"]
[Site "Esbjerg, Denmark"]
[Date "2021.10.23"]
[Round "4.8"]
[White "Schou-Jørgensen, Jan"]
[Black "Bisercic, Zlatan"]
[Result "1/2-1/2"]
[TimeControl "1.-3. 20 min + 5 sek, 4.-7. 90 min + 30 sek"]
[WhiteElo "1722"]
[BlackElo "1300"]

1. d4 Nf6 2. Nf3 e6 3. c4 b6 4. g3 Bb7 5. Bg2 c5 6. O-O cxd4 7. Nxd4 Bxg2 8. Kxg2 Qc8 9. b3 Qb7+ 10.
Kg1 Bc5 11. Nf3 d5 12. Bb2 Be7 13. Nc3 dxc4 14. bxc4 O-O 15. Qb3 Ne4 16. Nxe4 Qxe4 17. Qd3 Qb7 18. Rad1 Nc6 19. Qd7 Rab8 20.
Ne5 Nxe5 21. Bxe5 Qxd7 22. Rxd7 Rbe8 23. Rxa7 Bc5 24. Rd1 Ra8 25. Rxa8 Rxa8 26. Rd2 h5 27. Kg2 f6 28. Bd6 Rd8 29. Bf4 Ra8 30. Be3 e5 31. Bxc5 bxc5 32. Rd5 Rxa2 33. Rxc5 Rxe2 34.
Kf3 Re1 35. h4 g6 36. Rc6 Kf7 37. Rd6 Ke7 38. Ra6 Rc1 39. Ra7+ Kf8 40. Rc7 Ke8 41. Rg7 Rc3+ 42. Kg2 Rc2 43.
Kf1 Kf8 44. Rxg6 Kf7 45. Rh6 Kg7 46. Rxh5 Rxc4 47. Ke2 Rc3 48. Rf5 Ra3 49. Rf3 Ra2+ 50. Kf1 Ra1+ 51. Kg2 Ra2 52. g4 Ra4 53.
Rg3 Rf4 54. f3 e4 55. fxe4 Rxe4 56. Kf3 Ra4 57. Rg1 Ra3+ 58. Kg2 Ra2+ 59. Kh3 Ra3+ 60. Rg3 Ra5 61. Rf3 Kg6 62. Kg3 f5 1/2-1/2

[Event "Esbjerg Efterår 2021 - Esbjergmesterskabet"]
[Site "Esbjerg, Denmark"]
[Date "2021.10.23"]
[Round "4.9"]
[White "Marcussen, Claus"]
[Black "Christensen, Joel Nødskov"]
[Result "1-0"]
[TimeControl "1.-3. 20 min + 5 sek, 4.-7. 90 min + 30 sek"]
[WhiteElo "1543"]
[BlackElo "1404"]

1. f4 d5 2. Nf3 Nc6 3. e3 g6 4. d4 Bg7 5. c3 Nf6 6. Bd3 O-O 7. Nbd2 a6 8. O-O b5 9. Ne5 Bb7 10.
Nb3 Qc8 11. Nc5 Nxe5 12. fxe5 Nd7 13. Nxb7 Qxb7 14. Qg4 c5 15. e4 e6 16. Bg5 cxd4 17. cxd4 Nb6 18. Bf6 Nc4 19. Rf3 Nxb2 20.
Rh3 Nxd3 21. Qh4 h5 22. Bxg7 Kxg7 23. Qf6+ Kh6 24. g4 1-0

[Event "Esbjerg Efterår 2021 - Esbjergmesterskabet"]
[Site "Esbjerg, Denmark"]
[Date "2021.10.23"]
[Round "4.10"]
[White "Pommerencke, Lars"]
[Black "Jensen, Lucas"]
[Result "1-0"]
[TimeControl "1.-3. 20 min + 5 sek, 4.-7. 90 min + 30 sek"]
[WhiteElo "1630"]
[BlackElo "1372"]

1. e4 c6 2. d4 d5 3. Nc3 dxe4 4. Nxe4 Bf5 5. Ng3 Bg6 6. Nf3 Nd7 7. Bc4 e6 8. O-O Be7 9. c3 Ngf6 10.
Qe2 Nd5 11. Bxd5 cxd5 12. Bf4 O-O 13. Qb5 Qc8 14. a4 Qc6 15. Ne5 Nxe5 16. Bxe5 Rfd8 17. Qxc6 bxc6 18. b4 Bd6 19. Bxd6 Rxd6 20. Ne2 Rd7 21. Nf4 Bf5 22.
f3 h6 23. g4 Bh7 24. Rfe1 a5 25. Re2 axb4 26. cxb4 Rb7 27. Rb2 Rab8 28. b5 cxb5 29. Rxb5 Rxb5 30. axb5 Kf8 31. Ra5 Ke7 32. Ra7+ Ke8 33.
Nh5 Rxb5 34. Nxg7+ Kf8 35. Nxe6+ fxe6 36. Rxh7 Rb4 37. Rxh6 Rxd4 38. Rxe6 Kf7 39. Re2 Rd1+ 40. Kf2 d4 41.
Ra2 Ke6 42. Kg3 d3 43. Kf4 d2 44. Rc2 Kf6 45. h4 Rh1 46. Rxd2 Rxh4 47. Rd6+ Ke7 48. Ra6 Rh3 49. g5 Kf7 50.
Kg4 Rh1 51. Kf5 Rf1 52. Ra7+ Kg8 53. f4 Kf8 1-0

[ePGN "0.1;DGT LiveChess/2.2"]

[Event "Esbjerg Efterår 2021 - Esbjergmesterskabet"]
[Site "Esbjerg, Denmark"]
[Date "2021.10.23"]
[Round "5.1"]
[White "Pedersen, Nicolai Vesterbæk"]
[Black "Rødgaard, John"]
[Result "1-0"]
[TimeControl "1.-3. 20 min + 5 sek, 4.-7. 90 min + 30 sek"]
[WhiteElo "2343"]
[BlackElo "2319"]

1. c4 e6 2. Nc3 d5 3. d4 Nf6 4. cxd5 exd5 5. Bg5 c6 6. e3 Be7 7. Qc2 Nbd7 8. Bd3 Nh5 9. Bxe7 Qxe7 10.
O-O-O Nb6 11. Nge2 Bg4 12. Rhe1 Nf6 13. Kb1 Bxe2 14. Rxe2 O-O-O 15. f3 Kb8 16. Qb3 Rhe8 17. a4 Qc7 18.
a5 Nc8 19. a6 b6 20. g4 g6 21. Rc1 Re6 22. Na2 Qd7 23. Nb4 Ne7 24. Rec2 Rc8 25. g5 Ne8 26. Bf1 f5 27. gxf6 Rxf6 28.
Nd3 Rxf3 29. Ne5 Qf5 30. Nxf3 Qxf3 31. Bg2 Qf5 32. e4 dxe4 33. Bh3 Qf6 34. Bxc8 Kxc8 35. Qh3+ Kc7 36. Qxh7 Ng7 37.
Qh8 Qxd4 38. Qa8 b5 39. Rxc6+ Nxc6 40. Rxc6+ Kd7 41. Qb7+ 1-0

[Event "Esbjerg Efterår 2021 - Esbjergmesterskabet"]
[Site "Esbjerg, Denmark"]
[Date "2021.10.23"]
[Round "5.2"]
[White "Eriksson, Christian Altenburg"]
[Black "Medhus, Vitus Bondo"]
[Result "1-0"]
[TimeControl "1.-3. 20 min + 5 sek, 4.-7. 90 min + 30 sek"]
[WhiteElo "2135"]
[BlackElo "1875"]

1. e4 c5 2. Nc3 Nc6 3. Bb5 Nd4 4. Nf3 g6 5. Nxd4 cxd4 6. Ne2 Bg7 7. O-O e6 8. c3 e5 9. cxd4 exd4 10.
d3 Ne7 11. Bg5 h6 12. Bh4 Qb6 13. Bc4 Qxb2 14. Bxe7 Kxe7 15. Nf4 Rf8 16. Qa4 Be5 17. Nd5+ Kd8 18. Rab1 Qe2 19. Qa5+ Ke8 20.
Qc5 1-0

[Event "Esbjerg Efterår 2021 - Esbjergmesterskabet"]
[Site "Esbjerg, Denmark"]
[Date "2021.10.23"]
[Round "5.3"]
[White "Jensen, Henrik Tranberg"]
[Black "Jarlnæs, Erik"]
[Result "1/2-1/2"]
[TimeControl "1.-3. 20 min + 5 sek, 4.-7. 90 min + 30 sek"]
[WhiteElo "1960"]
[BlackElo "1952"]

1. d4 Nf6 2. c4 e6 3. Nf3 d5 4. Nc3 c5 5. Bg5 cxd4 6. Nxd4 Be7 7. g3 Nc6 8. Bg2 O-O 9. O-O h6 10.
Bf4 a6 11. Rc1 Bd6 12. cxd5 Bxf4 13. dxc6 Bxc1 14. cxb7 Bxb7 15. Bxb7 Rb8 16. Qxc1 Rxb7 17. Rd1 Qc7 18. Nb3 Rc8 19. Qd2 Rcb8 20. Rc1 Qd7 21. Qc2 Rc8 22.
Rd1 Qc7 23. Qd3 Qb6 24. Qf3 Rd7 25. e4 Rxd1+ 26. Qxd1 Rd8 27. Qe2 a5 28. h3 Qb4 29. e5 Ne8 30. Qa6 a4 31. Qxa4 Qxa4 32.
Nxa4 Rd5 33. f4 Nc7 34. Kf2 Na6 35. Ke2 Nb4 36. Nc3 Rd8 37. Nc1 1/2-1/2

[Event "Esbjerg Efterår 2021 - Esbjergmesterskabet"]
[Site "Esbjerg, Denmark"]
[Date "2021.10.23"]
[Round "5.4"]
[White "Husum, Lars"]
[Black "Marcussen, Claus"]
[Result "0-1"]
[TimeControl "1.-3. 20 min + 5 sek, 4.-7. 90 min + 30 sek"]
[WhiteElo "1876"]
[BlackElo "1543"]

1. d4 f5 2. Bf4 d6 3. e3 b6 4. c3 Bb7 5. Nf3 Nf6 6. Nbd2 e6 7. Bc4 Nd5 8. Qe2 Nd7 9. Ng5 Qf6 10.
Ngf3 h6 11. h4 O-O-O 12. Bg3 Qf7 13. Ba6 Re8 14. O-O-O e5 15. Bxb7+ Kxb7 16. dxe5 dxe5 17. Qc4 c6 18. Rhe1 b5 19.
Qe2 Bd6 20. e4 N5b6 21. exf5 Qxa2 22. Nb1 Bc7 23. Qc2 Nc5 24. Qe2 Nc4 25. Kc2 Nb3 26. Kd3 Nc5+ 0-1

[Event "Esbjerg Efterår 2021 - Esbjergmesterskabet"]
[Site "Esbjerg, Denmark"]
[Date "2021.10.23"]
[Round "5.5"]
[White "Jensen, Lars"]
[Black "Bønnelykke, Ole"]
[Result "0-1"]
[TimeControl "1.-3. 20 min + 5 sek, 4.-7. 90 min + 30 sek"]
[WhiteElo "1546"]
[BlackElo "1991"]

1. e4 g6 2. d4 Bg7 3. f4 d6 4. Nf3 Nf6 5. Nc3 O-O 6. Bc4 Nxe4 7. Bxf7+ Rxf7 8. Nxe4 Bg4 9. O-O h6 10.
c3 d5 11. Nf2 Bxf3 12. Qxf3 Nc6 13. Qg3 Qd6 14. Nd3 Raf8 15. Qg4 h5 16. Qg3 e5 17. dxe5 Nxe5 18. b3 Nxd3 19. Qxd3 Qc5+ 20.
Qe3 Qxc3 21. Qxc3 Bxc3 22. Rb1 d4 23. Ba3 Re8 24. Rbd1 b6 25. g3 a5 26. Kg2 c5 27. Rf2 Kg7 28.
Bb2 Bxb2 29. Rxb2 Rfe7 30. Kf2 Kf6 31. Rd3 Kf5 32. h3 Re3 33. Rbd2 Ke4 0-1

[Event "Esbjerg Efterår 2021 - Esbjergmesterskabet"]
[Site "Esbjerg, Denmark"]
[Date "2021.10.23"]
[Round "5.6"]
[White "Mortensen, Henrik"]
[Black "Pedersen, Lars Wilton"]
[Result "1/2-1/2"]
[TimeControl "1.-3. 20 min + 5 sek, 4.-7. 90 min + 30 sek"]
[WhiteElo "1991"]
[BlackElo "1991"]

1. d4 e6 2. e4 c5 3. Nf3 cxd4 4. Nxd4 Nf6 5. Bd3 d6 6. O-O a6 7. c4 Be7 8. Nc3 Nc6 9. Be3 O-O 10.
Qe2 Bd7 11. Rfd1 Nxd4 12. Bxd4 Bc6 1/2-1/2

[Event "Esbjerg Efterår 2021 - Esbjergmesterskabet"]
[Site "Esbjerg, Denmark"]
[Date "2021.10.23"]
[Round "5.7"]
[White "Dybdal, Frank"]
[Black "Schou-Jørgensen, Jan"]
[Result "1-0"]
[TimeControl "1.-3. 20 min + 5 sek, 4.-7. 90 min + 30 sek"]
[WhiteElo "1687"]
[BlackElo "1722"]

1. c4 c6 2. Nc3 d5 3. cxd5 cxd5 4. d4 e6 5. g3 Nc6 6. Bg2 Nf6 7. e3 a6 8. Nge2 Bd6 9. O-O O-O 10.
a3 Rb8 11. e4 dxe4 12. Nxe4 Nxe4 13. Bxe4 f5 14. Bg2 Ne7 15. Nf4 Ng6 16. Nxg6 hxg6 17. f4 Qb6 18. Kh1 Bd7 19. b4 Bc6 20.
d5 exd5 21. Bxd5+ Kh8 22. Bb2 Rbd8 23. Bxc6 Qxc6+ 24. Qf3 Qe4 25. Rae1 Qxf3+ 26. Rxf3 Rfe8 27. Rfe3 Rxe3 28. Rxe3 Kg8 29.
Kg2 Bxb4 30. Rb3 Bc5 31. Rxb7 Bd4 32. Kh3 Bxb2 33. Rxb2 Rd3 34. Ra2 Kf7 35. Kh4 Kf6 36. Rb2 Rd8 37.
Rb6+ Kf7 38. Kg5 Rd2 39. Rb7+ Kf8 40. Kxg6 Rxh2 41. Kxf5 Ra2 42. Rb3 a5 43. g4 Ke7 44. g5 a4 45.
Rd3 Ra1 46. Kg6 Kf8 47. f5 1-0